 Dungeon Crawl Stone Soup version 0.30-a0-1018-g25214051b3 (webtiles) character file.

Game seed: 7560812446650583792

84813 bearlyready the Severer (level 15, -2/133 HPs)
             Began as an Armataur Berserker on Apr 7, 2023.
             Was a High Priest of Trog.
             Constricted to death by a shambling mangrove (12 damage)
             ... on level 1 of the Swamp.
             The game lasted 00:47:18 (25037 turns).

bearlyready the Severer (Armataur Berserker)       Turns: 25037, Time: 00:47:18

Health: -2/133     AC: 21    Str: 29    XL:     15   Next: 36%
Magic:  15/15      EV:  6    Int: 10    God:    Trog [*****.]
Gold:   2350       SH:  0    Dex: 12    Spells: 14/14 levels left

rFire   + . .      SeeInvis .    H - +5 executioner's axe (heavy)
rCold   + . .      Faith    +    (shield currently unavailable)
rNeg    . . .      Spirit   .    M - +1 crystal plate armour
rPois   +          Reflect  .    Q - +3 helmet "Teup" {rPois Will+ Int+2}
rElec   .          Roll     +    u - scarf {rC+ rF+}
rCorr   .                        k - +2 pair of gloves "Meliost" {Dex+2}
Will    ++...                    (no barding) Stlth
                                 Z - amulet of faith
HPRegen 0.42/turn                h - +4 ring of slaying
MPRegen 0.14/turn                D - +5 ring of evasion

@: lethally poisoned (-2 -> -12), grasped by roots, corroded, constricted
A: large, rugged brown scales 3, deformed body, armoured tail, roll, long
tongue, awkward tongue
a: Renounce Religion, Berserk, Trog's Hand, Brothers in Arms


You were on level 1 of the Swamp.
You worshipped Trog.
Trog was extremely pleased with you.
You visited 4 branches of the dungeon, and saw 23 of its levels.
You also visited: Ossuary.

You collected 2747 gold pieces.
You spent 397 gold pieces at shops.

Inventory:

Hand Weapons
 H - a +5 heavy executioner's axe (weapon)
Missiles
 a - a curare-tipped dart
 e - 5 atropa-tipped darts
 j - 31 poisoned darts
 r - 20 boomerangs (quivered)
 x - 2 throwing nets
 K - 16 javelins
Armour
 k - the +2 pair of gloves "Meliost" (worn) {Dex+2}
   (You bought it in a shop on level 1 of the Orcish Mines)

   Dex:       It affects your dexterity (+2).
 u - a scarf of resistance (worn)
 M - a +1 crystal plate armour (worn)
 Q - the +3 helmet "Teup" (worn) {rPois Will+ Int+2}
   (You found it on level 8 of the Dungeon)

   Int:       It affects your intelligence (+2).
   rPois:     It protects you from poison.
   Will:      It increases your willpower.
Jewellery
 h - a +4 ring of slaying (left hand)
 m - a ring of protection from cold
 s - a ring of protection from fire
 D - a +5 ring of evasion (right hand)
 G - a ring of flight
 Z - an amulet of faith (around neck)
Wands
 d - a wand of paralysis (30)
 p - a wand of flame (35)
 O - a wand of digging (13)
 U - a wand of polymorph (4)
 W - a wand of iceblast (11)
Scrolls
 l - a scroll of fear
 o - a scroll of blinking
 t - a scroll of brand weapon
 w - 3 scrolls of vulnerability
 y - a scroll of silence
 A - 10 scrolls of teleportation
 B - 3 scrolls of enchant armour
 C - 6 scrolls of magic mapping
 E - 8 scrolls of poison
 S - 2 scrolls of enchant weapon
 V - 3 scrolls of fog
 Y - 2 scrolls of summoning
Potions
 b - 5 potions of attraction
 c - a potion of mutation {unknown}
 f - 7 potions of curing
 g - 7 potions of degeneration
 n - a potion of resistance {unknown}
 q - 3 potions of brilliance
 v - 3 potions of cancellation
 F - 10 potions of ambrosia
 I - 4 potions of flight
 J - 3 potions of haste
 L - 3 potions of invisibility
 N - 3 potions of lignification
 P - 3 potions of berserk rage
 R - a potion of might {unknown}
 X - a potion of magic {unknown}
Miscellaneous
 i - a condenser vane
 T - a lightning rod (4/4)


   Skills:
 + Level 9.5 Fighting
 + Level 19.5 Axes
 - Level 3.1 Throwing
 - Level 10.0 Armour
 - Level 1.3 Dodging
 + Level 7.7 Evocations


You had 14 spell levels left.
You didn't know any spells.
Your spell library was empty.

Dungeon Overview and Level Annotations

Branches:
Dungeon (15/15)            Temple (0/1) D:6            Lair (5/5) D:8
  Swamp (1/4) Lair:3        Snake (0/4) Lair:3        Slime (0/5) Lair:4
    Orc (2/2) D:11            Elf (0/3) Orc:2        Vaults (0/5) D:14
 Depths (0/4) D:15        Ossuary (visited)

Altars:
Ashenzari
Cheibriados
Elyvilon
Fedhas
Kikubaaqudgha
Nemelex Xobeh
Okawaru
Qazlal
Uskayaw
Vehumet
Xom
The Shining One
Jiyva

Shops:
D:12 (   Orc:1 [   Orc:2 (:!=

Annotations:
D:6 1 runed translucent door, HilariousDeathArtist's ghost, novice NaRe
Lair:4 1 runed translucent door, exclusion: oklob plant
Orc:1 2 runed translucent doors, exclusion: orange crystal statue


Innate Abilities, Weirdness & Mutations

You are completely covered in rugged brown scales. (AC +3, +7% HP)
Armour fits poorly on your strangely shaped body.
You have a long armoured tail.
You roll when moving toward enemies. (Rampage)
Your long tongue fully drains potion bottles. (2x potion effects)
Your tongue gives you trouble enunciating. (1.5x scroll delay)


Message History

* * * LOW HITPOINT WARNING * * *
The grasping roots constrict you.
The swamp dragon bites you but does no damage.
The swamp dragon claws you.
* * * LOW HITPOINT WARNING * * *
The swamp dragon closely misses you.
As you slowly read the scroll of fear, it crumbles to dust.
You assume a fearsome visage.
The shambling mangrove is unaffected.
The hornet looks frightened!
The goliath frog looks frightened!
The swamp dragon looks frightened!
The hornet looks frightened!
The hornet resists with some effort.
The shambling mangrove hits you!
* * * LOW HITPOINT WARNING * * *
The grasping roots constrict you!
* * * LOW HITPOINT WARNING * * *
You feel better.
You slurp down every last drop of the potion of curing!
The hornet barely misses you.
The shambling mangrove hits you but does no damage.
The grasping roots constrict you.
* * * LOW HITPOINT WARNING * * *
You feel better.
You slurp down every last drop of the potion of curing!
The hornet stings you.
* * * LOW HITPOINT WARNING * * *
You feel yourself slow down. The shambling mangrove hits you.
* * * LOW HITPOINT WARNING * * *
The grasping roots constrict you.
* * * LOW HITPOINT WARNING * * *
The hornet barely misses you.
You barely miss the hornet. You slash the shambling mangrove!
You feel yourself speed up.
The hornet seems to regain its courage.
The goliath frog seems to regain its courage.
The hornet stings you but does no damage.
The hornet stings you!
* * * LOW HITPOINT WARNING * * *
You are lethally poisoned!
The shambling mangrove hits you but does no damage.
The grasping roots constrict you!
You die...

♣..~ .F~~
~.~~~
~..~~
♣..~~~
.~~...♣
~~~...f♣♣
~~~...y@♣
.~~...†♣♣
.......
~.D..~~
~..y~~~
..♣..~~ .
♣~...
♣♣.^.


You could see a shambling mangrove, a swamp dragon (fleeing), a goliath frog and
2 hornets.

Vanquished Creatures
  Rupert (D:13)
  Kirke (Lair:3)
  Nessos (D:14)
  Snorg (D:14)
  Harold (Lair:1)
  3 ogre magi (Orc:2)
  3 catoblepae (Lair:5)
  Erolcha (D:9)
  8 hydras
  A death knight (D:13)
  3 boulder beetles
  A centaur warrior (D:14)
  An orc high priest (Orc:1)
  5 two-headed ogres
  8 death yaks
  Urug (D:14)
  Nergalle (Orc:2)
  A skeletal warrior (D:13)
  Lodul (D:13)
  2 skysharks
  3 orc knights
  A necromancer (Lair:3)
  A deep elf pyromancer (D:13)
  6 orc sorcerers (Orc:2)
  2 ugly things
  5 cyclopes
  6 manticores
  14 elephants
  4 black mambas
  Maurice (Orc:2)
  A gargoyle (D:14)
  A torpor snail (Lair:4)
  3 rime drakes
  Maggie (D:10)
  10 cane toads
  2 freezing wraiths (D:13)
  6 komodo dragons
  A komodo dragon (shapeshifter) (D:12)
  5 trolls
  A tengu conjurer (D:13)
  A queen bee (D:14)
  A polar bear (shapeshifter) (D:13)
  A polar bear (Lair:5)
  A hornet (D:8)
  3 meliai (D:14)
  8 blink frogs
  7 dream sheep (Lair:3)
  3 slime creatures (D:14)
  2 shadows
  A vampire (D:10)
  A water elemental (D:13)
  3 wraiths
  11 wyverns
  50 yaks
  16 humans (D:14)
  5 basilisks
  2 hogs (Lair:3)
  11 vampire mosquitoes
  Menkaure (Ossuary)
  11 water moccasins
  An acid dragon (D:8)
  A black bear (D:7)
  A sky beast (D:8)
  A swamp drake (Lair:3)
  15 orc warriors
  3 ice beasts
  16 ogres
  13 centaurs
  5 wolves (Lair:3)
  A phantom (D:4)
  5 kobold brigands
  19 bullfrogs
  A gnoll sergeant (D:8)
  2 scorpions
  11 wights
  22 killer bees (D:14)
  9 howler monkeys
  10 electric eels
  3 centaur zombies (Ossuary)
  2 gnoll boudas
  A jelly (D:6)
  4 sleepcaps
  A human zombie (Ossuary)
  17 orc priests
  6 hounds
  6 iguanas
  34 orc wizards
  2 yak simulacra (Lair:3)
  5 polar bear simulacra (Lair:3)
  A wolf simulacrum (Lair:3)
  2 ogre zombies (Ossuary)
  6 mummies (Ossuary)
  9 adders
  14 gnolls
  A shadow imp (D:8)
  A white imp (D:8)
  An ufetubus (D:7)
  3 adder zombies (Ossuary)
  2 worms
  85 orcs
  5 endoplasms
  6 giant cockroaches
  5 goblins
  7 hobgoblins
  8 jackals
  13 kobolds
  2 quokkas
  7 ball pythons
  7 bats
  3 frilled lizards
  2 gnoll zombies (Ossuary)
  5 goblin zombies (Ossuary)
  3 hobgoblin zombies (Ossuary)
  3 kobold zombies (Ossuary)
  7 rats
  8 rat zombies (Ossuary)
  3 river rat simulacra (Lair:3)
  A plant (D:13)
695 creatures vanquished.

Vanquished Creatures (collateral kills)
  Jorgrun (Orc:2)
  A manticore (D:13)
  A freezing wraith (D:13)
  A vampire mosquito (D:13)
4 creatures vanquished.

Vanquished Creatures (others)
  A human (Lair:3)
  An orc wizard (Orc:2)
  20 fungi
  136 plants
  5 toadstools (D:1)
163 creatures vanquished.

Grand Total: 862 creatures vanquished

Notes
Turn   | Place    | Note
-------+----------+-------------------------------------------
     0 | D:1      | bearlyready the Armataur Berserker began the quest for the
                  | Orb.
     0 | D:1      | Reached XP level 1. HP: 19/19 MP: 1/1
   186 | D:1      | Reached XP level 2. HP: 26/26 MP: 2/2
   196 | D:1      | Reached skill level 3 in Axes
   796 | D:2      | Reached XP level 3. HP: 32/32 MP: 3/3
   951 | D:2      | Reached skill level 4 in Axes
   993 | D:2      | Reached ** piety under Trog
  1167 | D:2      | Reached XP level 4. HP: 39/39 MP: 4/4
  1680 | D:3      | Reached XP level 5. HP: 42/44 MP: 5/5
  1685 | D:3      | Reached skill level 5 in Axes
  2325 | D:4      | Found a white marble altar of Elyvilon.
  2384 | D:4      | Noticed a phantom
  2392 | D:4      | Killed a phantom
  2393 | D:4      | Reached XP level 6. HP: 45/53 MP: 6/6
  2535 | D:4      | Reached skill level 6 in Axes
  3044 | D:4      | Reached *** piety under Trog
  3333 | D:4      | Found a shimmering altar of Xom.
  3402 | D:5      | Entered Level 5 of the Dungeon
  3413 | D:5      | Noticed a water moccasin
  3524 | D:5      | Reached XP level 7. HP: 37/59 MP: 7/7
  3658 | D:5      | Found an iron altar of Okawaru.
  3669 | D:5      | Reached skill level 7 in Axes
  3975 | D:5      | Reached skill level 8 in Axes
  4166 | D:5      | Reached XP level 8. HP: 61/66 MP: 8/8
  4614 | D:6      | Found a radiant altar of Vehumet.
  4666 | D:6      | Found a staircase to the Ecumenical Temple.
  4794 | D:6      | Found a runed translucent door.
  4861 | D:6      | Reached skill level 9 in Axes
  4992 | D:6      | Found a hide-covered altar of Uskayaw.
  5099 | D:6      | Noticed HilariousDeathArtist's ghost (novice NaRe)
  5181 | D:7      | Found a snail-covered altar of Cheibriados.
  5219 | D:7      | Found a stormy altar of Qazlal.
  5388 | D:7      | Found a sand-covered staircase.
  5416 | Ossuary  | Entered an ossuary
  5435 | Ossuary  | Reached skill level 10 in Axes
  5521 | Ossuary  | Reached **** piety under Trog
  5582 | Ossuary  | Noticed Menkaure
  5592 | Ossuary  | Killed Menkaure
  5593 | Ossuary  | Reached XP level 9. HP: 57/72 MP: 9/9
  6137 | D:7      | Reached skill level 11 in Axes
  6417 | D:8      | Found a blossoming altar of Fedhas.
  6558 | D:8      | Found a glowing golden altar of the Shining One.
  6620 | D:8      | Identified the +3 helmet "Teup" {rPois Will+ Int+2}
  6690 | D:8      | Found a sparkling altar of Nemelex Xobeh.
  6840 | D:8      | Reached skill level 12 in Axes
  6896 | D:8      | Reached ***** piety under Trog
  6908 | D:8      | Noticed a brown ugly thing
  6909 | D:8      | Reached XP level 10. HP: 58/79 MP: 10/10
  6916 | D:8      | Killed a brown ugly thing
  6959 | D:8      | Noticed a cyclops
  7115 | D:8      | Identified the +5 ring mail of Muttered Phrases {+Inv
                  | rPois}
  7201 | D:8      | Found a staircase to the Lair.
  7233 | D:8      | Reached skill level 13 in Axes
  7285 | D:8      | Identified the +9 rapier of Qinoddaj {venom, Will- Int+2
                  | Stlth+}
  7400 | D:8      | Noticed a two-headed ogre
  7408 | D:8      | Killed a two-headed ogre
  7420 | D:8      | Killed a cyclops
  7421 | D:8      | Reached skill level 14 in Axes
  7472 | D:8      | Noticed a cyclops
  7481 | D:8      | Killed a cyclops
  7851 | D:9      | Reached XP level 11. HP: 86/86 MP: 11/11
  8028 | D:9      | Noticed a two-headed ogre
  8032 | D:9      | Killed a two-headed ogre
  8097 | D:9      | Received a gift from Trog
  8404 | D:9      | Identified the +4 dagger "Time" {drain, rPois}
  8560 | D:9      | Noticed Erolcha
  8580 | D:9      | Killed Erolcha
  8581 | D:9      | Reached skill level 15 in Axes
  8915 | D:10     | Entered Level 10 of the Dungeon
  9067 | D:10     | Noticed Maggie
  9093 | D:10     | Killed Maggie
  9977 | D:11     | Noticed a two-headed ogre
  9981 | D:11     | Killed a two-headed ogre
  9981 | D:11     | Received a gift from Trog
  9982 | D:11     | Reached skill level 16 in Axes
 10783 | D:11     | Found a staircase to the Orcish Mines.
 11048 | D:11     | Reached XP level 12. HP: 60/94 MP: 12/12
 11951 | D:12     | Found Ideff's Weapon Shoppe.
 12392 | D:13     | Reached skill level 17 in Axes
 12422 | D:13     | Noticed an eight-headed hydra
 12453 | D:13     | Noticed a boulder beetle
 12527 | D:12     | Killed a boulder beetle
 12578 | D:13     | Noticed a six-headed hydra
 12860 | D:13     | Noticed Rupert
 12920 | D:13     | Noticed a death knight
 13045 | D:8      | Noticed a two-headed ogre
 13050 | D:8      | Killed a two-headed ogre
 13160 | Orc:1    | Entered Level 1 of the Orcish Mines
 13160 | Orc:1    | Noticed an orc high priest
 13164 | Orc:1    | Killed an orc high priest
 13365 | Orc:1    | Received a gift from Trog
 13484 | Orc:1    | Found Faugulut's Antique Armour Shop.
 13537 | Orc:1    | Found the +10 tower shield of Ignorance {rN+ Int-4}
 13731 | Orc:1    | Found a runed translucent door.
 13789 | Orc:1    | Found a runed translucent door.
 13979 | Orc:2    | Entered Level 2 of the Orcish Mines
 14100 | Orc:2    | Found a staircase to the Elven Halls.
 14217 | Orc:2    | Noticed Maurice
 14221 | Orc:2    | Noticed Jorgrun
 14386 | Lair:1   | Entered Level 1 of the Lair of Beasts
 14460 | Lair:1   | Reached skill level 18 in Axes
 14558 | Lair:1   | Reached skill level 1 in Throwing
 14558 | Lair:1   | Reached skill level 1 in Evocations
 15239 | Lair:1   | Noticed Harold
 15243 | Lair:1   | Killed Harold
 15244 | Lair:1   | Reached XP level 13. HP: 101/101 MP: 13/13
 15465 | Lair:2   | Identified the +5 scale mail of the Little Devil {+Blink
                  | Will+++ Str-5}
 16407 | Lair:3   | Noticed Kirke
 16414 | Lair:3   | Killed Kirke
 16478 | Lair:3   | Reached skill level 5 in Armour
 16656 | Lair:3   | Found a staircase to the Swamp.
 17017 | Lair:3   | Found a staircase to the Snake Pit.
 17069 | Lair:3   | Reached skill level 5 in Fighting
 17458 | Lair:3   | Reached ****** piety under Trog
 17654 | Lair:3   | Received a gift from Trog
 17954 | Lair:4   | Reached skill level 5 in Evocations
 18756 | Lair:4   | Found a runed translucent door.
 18756 | Lair:4   | Found a viscous altar of Jiyva.
 18756 | Lair:4   | Found a staircase to the Slime Pits.
 18842 | Lair:4   | Reached XP level 14. HP: 104/117 MP: 14/14
 19475 | Lair:5   | Entered Level 5 of the Lair of Beasts
 19582 | Lair:5   | Found a broken altar of Ashenzari.
 20718 | Lair:5   | Identified the +7 falchion of Maycva {flame, rElec rC-
                  | Dex-2 SInv} (Trog gifted it to you on level 5 of the Lair
                  | of Beasts)
 20718 | Lair:5   | Received a gift from Trog
 21602 | Orc:2    | Killed Jorgrun
 21603 | Orc:2    | Reached skill level 19 in Axes
 21689 | Orc:2    | Killed Maurice
 21690 | Orc:2    | Reached skill level 10 in Armour
 22007 | Orc:2    | Found Giudghira's Jewellery Shop.
 22092 | Orc:2    | Found a radiant altar of Vehumet.
 22103 | Orc:2    | Found Refroeda's Book Shop.
 22104 | Orc:2    | Noticed Nergalle
 22113 | Orc:2    | Killed Nergalle
 22284 | Orc:2    | Found an ancient bone altar of Kikubaaqudgha.
 22306 | Orc:2    | Found Wotticve's Antique Weapon Shop.
 22314 | Orc:2    | Received a gift from Trog
 22332 | Orc:2    | Found Haseuqya's Distillery.
 22344 | Orc:2    | Bought a potion of haste for 160 gold pieces
 22447 | Orc:1    | Bought a pair of shimmering gloves for 237 gold pieces
 22447 | Orc:1    | Identified the +2 pair of gloves "Meliost" {Dex+2} (You
                  | bought it in a shop on level 1 of the Orcish Mines)
 22587 | D:13     | Killed Rupert
 23156 | D:13     | Reached XP level 15. HP: 131/131 MP: 15/15
 23270 | D:13     | Noticed Lodul
 23300 | D:13     | Killed Lodul
 23885 | D:14     | Identified the +7 great mace of Fortitude {heavy, rElec
                  | Dex+4 Stlth-} (Trog gifted it to you on level 14 of the
                  | Dungeon)
 23885 | D:14     | Received a gift from Trog
 24258 | D:14     | Noticed Urug
 24258 | D:14     | Noticed Nessos
 24259 | D:14     | Found a gate to the Vaults.
 24271 | D:14     | Killed Urug
 24280 | D:14     | Killed Nessos
 24458 | D:14     | Noticed Snorg
 24466 | D:14     | Killed Snorg
 24719 | D:15     | Entered Level 15 of the Dungeon
 24752 | D:15     | Found a staircase to the Depths.
 24752 | D:15     | Noticed a fire giant
 25025 | Swamp:1  | Entered Level 1 of the Swamp
 25034 | Swamp:1  | HP: 5/133 [constriction (15)]
 25037 | Swamp:1  | Constricted to death by a shambling mangrove

Illustrated notes

Levels and vault maps discovered:
D:1:      ldierk_walled_garden, layout_basic
D:2:      layout_basic, minmay_close_crescents
D:3:      layout_loops_corners
D:4:      layout_loops_corners, tgw_xom, elyvilon_altar_1
D:5:      layout_loops_ring, okawaru_metal_pillars_1_2,
          nicolae_nh_ransacked_shop
D:6:      layout_loops_ring, nicolae_overflow_hidden_temple,
          mainiacjoe_overflow_surrounded_room, minmay_temple_entry_arrows,
          gammafunk_ghost_grave
D:7:      layout_basic, mainiacjoe_overflow_catwalk, lemuel_crystal_altar,
          nicolae_ossuary_entry_false_entrances
D:8:      nzn_winding_woodlands_stair_cross
          [nzn_winding_woodlands_5x15_longhouse,
          nzn_winding_woodlands_center_garden, nzn_winding_woodlands_5x15_cabin,
          nzn_winding_woodlands_5x5_open_star,
          nzn_winding_woodlands_5x5_checkerboard,
          nzn_winding_woodlands_5x15_concentric,
          nzn_winding_woodlands_center_triple_pond,
          nzn_winding_woodlands_5x15_pockets], layout_loops_ring,
          mainiacjoe_overflow_paths, mainiacjoe_overflow_alcove_4,
          fedhas_bush_and_centaur_altar
D:9:      layout_roguey [special_room_orc], minmay_fractal_squares_gapless_5,
          uniq_erolcha
D:10:     layout_stronghold, minivault_1, uniq_maggie
D:11:     layout_loops_corners, orc_0_dummy, bh_walls_and_bars
D:12:     layout_loops_ring, serial_shops, nicolae_shop_bloodbath_and_beyond,
          disabler_island
D:13:     layout_small_grid, serial_bayou, serial_bayou_lake_a,
          serial_bayou_pond_c, serial_bayou_lagoon_a, serial_bayou_shore_b,
          uniq_rupert, uniq_lodul
D:14:     layout_roguey [special_room_bee], david_vaults_3,
          corexii_leaking_fountain, drop_trap, uniq_snorg
D:15:     grunt_enter_depths_giant_problem, layout_basic, uniq_azrael
Lair:1:   layout_chaotic_city, uniq_harold
Lair:2:   layout_long_grid, eino_small_chamber_without_monster,
          beast_lair_carwin_2
Lair:3:   layout_cave_pods, minmay_swamp_entry_reptiles, dummy_snake_entry,
          eino_house_with_fridge, serial_bayou_shore_b, serial_bayou_shore_a,
          uniq_urug, uniq_kirke
Lair:4:   layout_regular_city, slime_entry_2, minmay_shattered_shrine
Lair:5:   evilmike_catoblepas_cave, layout_regular_city, lemuel_centaur_altar
Swamp:1:  layout_basic_swamp, evilmike_swamp_ruin_rubble_1, swamp_pool3
Orc:1:    layout_diamond_mine, serial_shops, shop,
          chequers_guarded_unrand_ignorance
Orc:2:    kennysheep_orc_mage_school, layout_diamond_mine, minmay_orc_temple_a,
          uniq_maurice, uniq_jorgrun

Skill      XL: |  1  2  3  4  5  6  7  8  9 10 11 12 13 14 15 |
---------------+----------------------------------------------+-----
Axes           | 3 4 5 6 8 10 12 14 16 18 19 | 19.5
Fighting       | 3 6 8 9 |  9.5
Throwing       | 1 3 |  3.1
Armour         | 3 7 10 | 10.0
Evocations     | 2 5 6 7 |  7.7
Dodging        | |  1.3

Action                     |  1- 3 |  4- 6 |  7- 9 | 10-12 | 13-15 || total
---------------------------+-------+-------+-------+-------+-------++-------
  Melee: Hand axe          |    81 |   126 |   139 |       |       ||   346
         Tailslap          |     3 |     8 |    48 |    76 |    66 ||   201
         Punch             |       |       |     3 |       |       ||     3
         Battleaxe         |       |       |   157 |   393 |       ||   550
         Executioner's axe |       |       |       |    54 |   434 ||   488
  Throw: Dart              |       |       |       |    13 |       ||    13
         Throwing net      |       |       |       |     1 |     1 ||     2
         Boomerang         |       |       |       |       |     3 ||     3
 Invoke: Berserk           |       |     5 |     5 |     8 |     9 ||    27
         Brothers in Arms  |       |       |       |     1 |     2 ||     3
         Trog's Hand       |       |       |       |     1 |       ||     1
  Evoke: Wand              |       |       |       |    11 |    21 ||    32
         Condenser vane    |       |       |       |       |     2 ||     2
         Lightning rod     |       |       |       |       |     1 ||     1
    Use: Scroll            |       |       |     9 |    15 |     8 ||    32
         Potion            |       |       |       |     3 |     6 ||     9
   Stab: Sleeping          |     1 |       |       |       |       ||     1
         Distracted        |       |       |       |     1 |       ||     1
 Armour: Animal skin       |    13 |       |       |       |       ||    13
         Ring mail         |    17 |    53 |    85 |   176 |   186 ||   517
         Crystal plate arm |       |       |       |       |   171 ||   171
  Dodge: Dodged            |    38 |    47 |   151 |   290 |   388 ||   914

Table legend: (Time is in decaauts)
 A = Elapsed time spent in this place.
 B = Non-inter-level travel time spent in this place.
 C = Inter-level travel time spent in this place.
 D = Time resting spent in this place.
 E = Time spent auto-exploring this place.
 F = Levels seen in this place.
 G = Mean time per level.
                   A        B        C        D        E       F      G
               +--------+--------+--------+--------+--------+-----+--------+
         Total |  25580 |  23892 |   1688 |   1884 |  17683 |  24 | 1065.8 |
       Dungeon |  15746 |  14472 |   1274 |   1675 |  10135 |  15 | 1049.7 |
          Lair |   7285 |   7000 |    285 |    188 |   5776 |   5 | 1457.0 |
         Swamp |     13 |     13 |      0 |      0 |      0 |   1 |   13.0 |
  Orcish Mines |   1971 |   1844 |    127 |     20 |   1370 |   2 |  985.5 |
       Ossuary |    563 |    563 |      0 |      0 |    401 |   1 |  563.0 |
               +--------+--------+--------+--------+--------+-----+--------+

Top non-repeatable levels by time:
  Lair:5: 1890 daAuts
    D:11: 1657 daAuts
    D:12: 1655 daAuts
  Lair:3: 1651 daAuts
  Lair:4: 1612 daAuts
    D:13: 1511 daAuts
     D:8: 1403 daAuts
     D:4: 1393 daAuts
     D:9: 1284 daAuts
   Orc:2: 1180 daAuts
    D:10: 1141 daAuts
  Lair:1: 1111 daAuts
  Lair:2: 1018 daAuts
    D:14: 934 daAuts
     D:3: 892 daAuts
